 Dungeon Crawl Stone Soup version 0.18.1-6-gd335043 (webtiles) character file.

11583 HungrySpirit the Nimble (level 11, -7/72 HPs)
             Began as an Octopode Skald on May 18, 2016.
             Was an Elder of Cheibriados.
             Mangled by a five-headed hydra (15 damage)
             ... on level 4 of the Lair of Beasts.
             The game lasted 00:36:22 (14191 turns).

HungrySpirit the Nimble (Octopode Skald)           Turns: 14191, Time: 00:36:23

Health: -7/72      AC:  2    Str: 21    XL:     11   Next: 80%
Magic:  11/16      EV: 21    Int: 25    God:    Cheibriados [****..]
Gold:   407        SH:  4    Dex: 25    Spells: 3 memorised, 10 levels left

rFire  + . .     SeeInvis .     k - +3 dagger (venom)
rCold  . . .     Gourm    .     (no shield)
rNeg   . . .     Faith    .     (helmet restricted)
rPois  +         Spirit   .     g - +4 amulet of reflection
rElec  .         Dismiss  .     e - ring of sustain attributes
rCorr  .         Reflect  +     y - ring of poison resistance
SustAt +         Harm     .     (no ring)
MR     .....                    (no ring)
Stlth  ++++++....               (no ring)
                                (no ring)
                                (no ring)
                                (no ring)

@: very slightly contaminated, hasted, slow, not resistant to hostile
enchantments, very stealthy
A: almost no armour, amphibious, 8 rings, constrict 8, tentacle spike 1, molten
scales 1, camouflage 1, fire resistance 1, poison resistance, gelatinous body 1
a: Bend Time, Temporal Distortion, Slouch, Renounce Religion


You were on level 4 of the Lair of Beasts.
You worshipped Cheibriados.
Cheibriados was greatly pleased with you.
You were not hungry.

You visited 3 branches of the dungeon, and saw 13 of its levels.

You collected 407 gold pieces.

Inventory:

Hand Weapons
 k - a +3 dagger of venom (weapon)
 o - a +1 rapier of venom
Missiles
 q - 3 steel javelins (quivered)
Armour
 A - a +0 shield
Jewellery
 e - a ring of sustain attributes (left tentacle)
 g - a +4 amulet of reflection (around mantle)
 y - a ring of poison resistance (right tentacle)
Wands
 w - a wand of disintegration (12/24)
 x - a wand of confusion (25/48)
Scrolls
 f - 5 scrolls of remove curse
 i - 5 scrolls of identify
 l - a scroll of fog
 n - 2 scrolls of immolation
 p - 2 scrolls of recharging
 r - a scroll of enchant armour
 B - a scroll of teleportation
Potions
 d - 3 potions of flight
 j - 2 potions of brilliance
 m - a potion of mutation
Books
 b - a book of Battle

   Spells                             Type                      Level
   a - Infusion                       Charms                       1
   b - Shroud of Golubria             Charms/Translocation         2
   c - Song of Slaying                Charms                       2
   d - Spectral Weapon                Hexes/Charms                 3
   e - Regeneration                   Charms/Necromancy            3
 s - a book of Enchantments

   Spells                             Type                      Level
   a - Cause Fear                     Hexes                        4
   b - Yara's Violent Unravelling     Hexes/Transmutation          5
   c - Silence                        Hexes/Air                    5
   d - Deflect Missiles               Charms/Air                   6
   e - Haste                          Charms                       6
   f - Discord                        Hexes                        8
Comestibles
 a - 2 beef jerkies
 c - 9 bread rations
 h - a royal jelly
 u - 3 meat rations
 v - 2 slices of pizza
 z - 10 fruits


   Skills:
 - Level 6.2 Fighting
 - Level 8.5 Short Blades
 + Level 8.8 Dodging
 - Level 7.1 Stealth
 + Level 6.3 Unarmed Combat
 + Level 3.0 Spellcasting
 - Level 7.4 Charms
 + Level 7.3 Invocations


You had 10 spell levels left.
You knew the following spells:

 Your Spells              Type           Power        Failure   Level  Hunger
a - Infusion              Chrm           ####         1%          1    None
b - Regeneration          Chrm/Necr      ###.......   10%         3    ###....
c - Shroud of Golubria    Chrm/Tloc      ###.......   4%          2    ##.....


Dungeon Overview and Level Annotations

Branches:
Dungeon (8/15)             Temple (1/1) D:4            Lair (4/8) D:8
  Swamp: Lair:3-6    Shoals: Lair:3-6     Snake: Lair:3-6    Spider: Lair:3-6

Altars:
Ashenzari
Cheibriados
Dithmenos
Elyvilon
Gozag
Kikubaaqudgha
Okawaru
Pakellas
Qazlal
Ru
Sif Muna
Trog
Vehumet
Yredelemnul
Zin
The Shining One

Shops:
D:6 =   D:7 *   D:8 (

Annotations:
D:6 1 exclusion
D:8 Grum


Innate Abilities, Weirdness & Mutations

You cannot wear most types of armour.
You are amphibious.
You can wear up to eight rings at the same time.
You can use your tentacles to constrict eight enemies at once.
Your skin changes colour to match your surroundings (Stealth).
Your rubbery body absorbs attacks (AC +1).
One of your tentacles bears a spike.
You are partially covered in molten scales (AC +1).
Your flesh is heat resistant.
Your system is resistant to poisons.


Message History

The five-headed hydra bites you.
* * * LOW HITPOINT WARNING * * *
The five-headed hydra bites you but does no damage.
The five-headed hydra barely misses you.
You are very lightly contaminated with residual magic.
You hit the five-headed hydra but do no damage.
The five-headed hydra is poisoned.
You pierce the five-headed hydra, but do no damage.
You squeeze the five-headed hydra.
The five-headed hydra is heavily wounded.
You hit the five-headed hydra.
You pierce the five-headed hydra, but do no damage.
The five-headed hydra is severely wounded.
You hit the five-headed hydra.
You pierce the five-headed hydra, but do no damage.
You squeeze the five-headed hydra!
The five-headed hydra is almost dead.
The five-headed hydra barely misses you.
The five-headed hydra misses you. The five-headed hydra bites you!
You die...

###.#####.##.# ### ####
#P.#.#.#.####.##.# ....
................. ....
#P.....P.##+....
###P.#####.....# ##.###.
...............# #.+.##.
...............# #..##..
#P.......#.....###..##P.
#......@##.....+.+..###.
.#....D.##..........##..
#......#.......#...###.
#P......P.......#..#.##.
####.....P.....###+.###.
#.#...P..............
.....................
......................
.......<........


You could see a five-headed hydra.

Vanquished Creatures
  The ghost of lightmor the Cleaver, a journeyman MiFi of Makhleb (Lair:1)
  A hydra (Lair:3)
  The ghost of Leszczynek the Grappler, a novice TrCK of Xom (D:8)
  Pikel (D:4)
  2 black mambas
  The ghost of lightmor the Shield-Bearer, a novice MiFi (D:5)
  4 spiny frogs
  A rime drake (Lair:1)
  A komodo dragon (Lair:2)
  Prince Ribbit (D:8)
  3 yaks (Lair:1)
  A spriggan (D:7)
  2 basilisks (Lair:2)
  Eustachio (D:5)
  5 hippogriffs
  3 water moccasins
  4 porcupines
  An ice beast (D:8)
  3 orc warriors
  2 sky beasts (D:5)
  6 wolves
  4 centaurs
  7 crocodiles
  A big kobold (D:8)
  6 giant frogs
  A wyvern zombie (D:7)
  A scorpion (D:7)
  2 jellies
  2 howler monkeys
  A centaur zombie (D:6)
  3 crimson imps
  A quasit (D:7)
  5 hounds
  9 orc priests
  Jessica (D:3)
  10 orc wizards
  2 iguanas
  5 worker ants
  A hound skeleton (D:7)
  A gnoll (D:1)
  A worker ant zombie (D:5)
  15 river rats
  9 adders
  A shadow imp (D:7)
  2 adder zombies
  5 worms
  A dart slug (D:2)
  9 giant geckos
  34 orcs
  7 giant cockroaches
  6 goblins
  9 hobgoblins
  2 jackals (D:1)
  7 quokkas
  9 bats
  A giant gecko zombie (D:7)
  2 giant newts
  A jackal zombie (D:5)
  5 kobolds
  7 rats
  A butterfly (D:4)
242 creatures vanquished.

Vanquished Creatures (others)
  A quokka (D:4)
  A giant newt (D:4)
  3 butterflies (D:4)
5 creatures vanquished.

Grand Total: 247 creatures vanquished

Notes
Turn   | Place    | Note
--------------------------------------------------------------
     0 | D:1      | HungrySpirit the Octopode Skald began the quest for the Orb.
     0 | D:1      | Reached XP level 1. HP: 14/14 MP: 3/3
   373 | D:1      | Reached XP level 2. HP: 14/19 MP: 5/5
   532 | D:1      | Reached skill level 1 in Stealth
   573 | D:1      | Reached XP level 3. HP: 20/25 MP: 6/6
   595 | D:1      | Found a glowing golden altar of the Shining One.
   972 | D:2      | Reached XP level 4. HP: 28/30 MP: 7/7
  1875 | D:3      | Noticed Jessica
  1878 | D:3      | Killed Jessica
  1878 | D:3      | Reached XP level 5. HP: 36/36 MP: 8/8
  2029 | D:3      | Found a bloodstained altar of Trog.
  2122 | D:3      | Found an iron altar of Okawaru.
  2330 | D:3      | Found an ancient bone altar of Kikubaaqudgha.
  2579 | D:4      | Noticed a slave
  2585 | D:4      | Noticed a slave
  2586 | D:4      | Noticed Pikel
  2922 | D:2      | Gained mutation: You are partially covered in molten scales (AC +1). [potion of mutation]
  2922 | D:2      | Gained mutation: Your mind is acute. (Int +2) [potion of mutation]
  2922 | D:2      | Lost mutation: Your mind is acute. (Int +2) [potion of mutation]
  2960 | D:4      | Reached XP level 6. HP: 42/42 MP: 9/9
  3030 | D:4      | Found a stormy altar of Qazlal.
  3276 | D:4      | Found a staircase to the Ecumenical Temple.
  3291 | Temple   | Entered the Ecumenical Temple
  3622 | D:4      | Noticed a slave
  3623 | D:4      | Noticed a slave
  3650 | D:4      | Killed Pikel
  3650 | D:4      | Reached skill level 5 in Short Blades
  3650 | D:4      | Reached XP level 7. HP: 11/48 MP: 10/10
  4201 | D:4      | Reached skill level 5 in Stealth
  4712 | D:5      | Entered Level 5 of the Dungeon
  4714 | D:5      | Reached XP level 8. HP: 54/54 MP: 11/11
  4730 | D:5      | Noticed lightmor's ghost (novice MiFi)
  4929 | D:5      | Killed lightmor's ghost
  5801 | D:5      | Gained mutation: Your system is resistant to poisons. [potion of mutation]
  5801 | D:5      | Gained mutation: Your flesh is heat resistant. [potion of mutation]
  5801 | D:5      | Gained mutation: One of your tentacles bears a spike. [potion of mutation]
  5957 | D:5      | Noticed Eustachio
  5960 | D:5      | Killed Eustachio
  5960 | D:5      | Reached skill level 5 in Fighting
  6512 | D:5      | Reached XP level 9. HP: 36/61 MP: 12/12
  6770 | D:5      | Reached skill level 5 in Dodging
  7140 | Temple   | Became a worshipper of Cheibriados the Contemplative
  7179 | D:5      | Learned a level 3 spell: Regeneration
  7262 | D:6      | Found an oddly glowing altar of Pakellas.
  7751 | D:6      | Found Doeviu's Jewellery Emporium.
  8553 | D:6      | Reached * piety under Cheibriados
  8941 | D:7      | Found an opulent altar of Gozag.
  8944 | D:7      | Found Gozag's Platinum Reserve.
  9297 | D:7      | Found a stormy altar of Qazlal.
  9392 | D:7      | Reached skill level 1 in Unarmed Combat
  9392 | D:7      | Reached skill level 1 in Invocations
  9425 | D:7      | Reached ** piety under Cheibriados
  9792 | D:8      | Noticed Grum
  9792 | D:8      | Found Ratex's Weapon Shoppe.
  9793 | D:8      | Reached XP level 10. HP: 55/68 MP: 13/13
  9797 | D:8      | Noticed Leszczynek's ghost (novice TrCK)
  9808 | D:8      | Killed Leszczynek's ghost
  9813 | D:8      | Reached skill level 5 in Charms
  9813 | D:8      | HP: 1/68 [wolf[Grum] (5)]
 10397 | D:8      | Noticed Prince Ribbit
 10554 | D:8      | Reached *** piety under Cheibriados
 10561 | D:8      | Killed Prince Ribbit
 10572 | D:8      | Found a staircase to the Lair.
 10575 | Lair:1   | Entered Level 1 of the Lair of Beasts
 10790 | Lair:1   | Noticed lightmor's ghost (journeyman MiFi)
 10805 | Lair:1   | Killed lightmor's ghost
 11034 | Lair:1   | Noticed a black mamba
 11045 | Lair:1   | Killed a black mamba
 11045 | Lair:1   | Reached skill level 5 in Invocations
 11496 | Lair:1   | Noticed a spiny frog
 11513 | Lair:1   | Reached XP level 11. HP: 60/72 MP: 15/15
 11614 | Lair:1   | Reached skill level 5 in Unarmed Combat
 11636 | Lair:1   | Reached **** piety under Cheibriados
 13525 | Lair:3   | Reached ***** piety under Cheibriados
 13583 | Lair:3   | Noticed a seven-headed hydra
 13588 | Lair:3   | Learned a level 2 spell: Shroud of Golubria
 13594 | Lair:3   | Killed a seven-headed hydra
 14182 | Lair:4   | Noticed a five-headed hydra
 14191 | Lair:4   | Mangled by a five-headed hydra

Skill      XL: |  1  2  3  4  5  6  7  8  9 10 11 |
---------------+----------------------------------+-----
Stealth        | 1 2 4 5 6 7 |  7.1
Short Blades   | 3 4 5 6 7 8 |  8.5
Dodging        | 2 3 4 6 7 8 |  8.8
Fighting       | 3 4 5 6 |  6.2
Unarmed Combat | 2 4 6 |  6.3
Charms         | 4 6 7 |  7.4
Invocations    | 2 5 7 |  7.3
Spellcasting   | 3 |  3.0

Action                   |  1- 3 |  4- 6 |  7- 9 | 10-12 || total
-------------------------+-------+-------+-------+-------++-------
Melee: Short sword       |    36 |       |       |       ||    36
       Constrict         |    17 |    30 |    43 |    42 ||   132
       Tentacles         |     8 |    20 |    61 |   115 ||   204
       Dagger            |    16 |   105 |   273 |   300 ||   694
       Kick              |       |       |    68 |   181 ||   249
       Punch             |       |       |       |    23 ||    23
Throw: Javelin           |       |       |       |     6 ||     6
 Cast: Shroud of Golubri |       |       |       |     1 ||     1
       Infusion          |       |       |       |     1 ||     1
Invok: Slouch            |       |       |       |     1 ||     1
Evoke: Wand              |       |       |     9 |       ||     9
  Use: Scroll            |       |    12 |     5 |     5 ||    22
       Potion            |       |     4 |     4 |     3 ||    11
 Stab: Sleeping          |     9 |    17 |     3 |    15 ||    44
       Invisible         |       |       |     9 |     4 ||    13
       Distracted        |       |       |     4 |       ||     4
       Confused          |       |       |     4 |       ||     4
  Eat: Chunk             |       |     7 |    14 |     5 ||    26
       Pizza             |       |     1 |       |       ||     1
       Meat ration       |       |       |     1 |       ||     1
       Fruit             |       |       |       |     4 ||     4
Armor: Skin              |     7 |     5 |    27 |     4 ||    43
Dodge: Dodged            |    22 |    28 |   122 |   177 ||   349
Block: Other             |     1 |    10 |    18 |    41 ||    70
       Reflection        |       |     1 |     3 |       ||     4
